 Dungeon Crawl Stone Soup version 0.30.1-9-gdf580d7c3d (webtiles) character file.

Game seed: 4499281571396136882

147 Ivernyr the Shield-Bearer (level 5, -1/42 HPs)
             Began as a Formicid Fighter on Oct 6, 2023.
             Killed from afar by a steam dragon (10 damage)
             ... with a ball of steam
             ... on level 7 of the Dungeon.
             The game lasted 00:06:10 (2754 turns).

Ivernyr the Shield-Bearer (Formicid Fighter)        Turns: 2754, Time: 00:06:10

Health: -1/42      AC:  8    Str: 21    XL:     5   Next: 54%
Magic:  5/5        EV:  9    Int:  7    God:
Gold:   195        SH:  9    Dex: 15    Spells: 4/4 levels left

rFire   . . .        a - +0 great sword
rCold   . . .        c - +0 kite shield
rNeg    . . .        b - +1 ring mail {Will+}
rPois   .            (helmet unavailable)
rElec   .            (no cloak)
rCorr   .            q - +0 pair of gloves
SInv    +            (no boots)
Will    +....        (no amulet)
Stlth   +            (no ring)
HPRegen 0.27/turn    (no ring)
MPRegen 0.09/turn

%: no passive effects
@: no status effects
A: permanent stasis, dig shafts and tunnels, antennae 3, four strong arms
a: Dig, Shaft Self


You were on level 7 of the Dungeon.
You visited 1 branch of the dungeon, and saw 5 of its levels.

You collected 195 gold pieces.

Inventory:

Hand Weapons
 a - a +0 great sword (weapon)
Missiles
 i - a throwing net
Armour
 b - a +1 ring mail of willpower (worn)
 c - a +0 kite shield (worn)
 q - a +0 pair of gloves (worn)
Wands
 w - a wand of flame (26)
Scrolls
 e - 7 scrolls of identify {unknown}
 f - 2 scrolls of magic mapping {unknown}
 g - a scroll of torment {unknown}
 h - a scroll of brand weapon {unknown}
 j - a scroll of enchant weapon {unknown}
 l - a scroll of noise {unknown}
 n - a scroll of teleportation {unknown}
 p - a scroll of enchant armour {unknown}
 s - a scroll of amnesia {unknown}
 v - 2 scrolls of poison {unknown}
Potions
 d - 5 potions of might
 k - a potion of invisibility {unknown}
 m - 2 potions of attraction {unknown}
 o - 2 potions of haste {unknown}
 r - 3 potions of lignification {unknown}
 t - a potion of brilliance {unknown}
 u - 2 potions of curing {unknown}


   Skills:
 + Level 4.1 Fighting
 * Level 3.6 Long Blades
 + Level 4.0 Armour
 + Level 5.0 Shields


You had 4 spell levels left.
You didn't know any spells.
Your spell library contained the following spells:

 Spells                   Type           Power      Damage    Failure   Level
 Foxfire                  Conj/Fire      0%         2x1d4     86%         1
 Magic Dart               Conj           0%         1d3       86%         1
 Call Imp                 Summ           0%         N/A       94%         2
 Cigotuvi's Dreadful Rot  Necr/Pois/Air  0%         N/A       94%         2
 Frozen Ramparts          Ice            0%         1d1       99%         3
 Mephitic Cloud           Conj/Pois/Air  0%         N/A       99%         3
 Dispel Undead            Necr           0%         3d6       100%        4
 Ice Form                 Ice/Tmut       0%         N/A       100%        4
 Summon Ice Beast         Ice/Summ       0%         N/A       100%        4
 Fireball                 Conj/Fire      0%         3d3       100%        5
 Death Channel            Necr           0%         N/A       100%        6
 Plasma Beam              Fire/Air       0%         2x1d11    100%        6
 Starburst                Conj/Fire      0%         6d3       100%        6


Dungeon Overview and Level Annotations

Branches:
Dungeon (4/15)
 Temple: D:4-7

Altars:
Ru
Trog

Shops:
D:2 ?

Annotations:
D:4 1 runed translucent door, Chiseanne's ghost, amateur DjDe


Innate Abilities, Weirdness & Mutations

You cannot be hasted, slowed, berserked, paralysed or teleported.
You can dig through walls and to a lower floor.
You have a pair of large antennae on your head. (SInv)
Your four strong arms can wield two-handed weapons with a shield.


Message History

You block the hound's attack. The hound closely misses you.
You block the hound's attack.
You miss the hound.
The hound is severely wounded.
The hound barely misses you. The hound bites you but does no damage.
You slash the hound!
You kill the hound!
Your Armour skill increases to level 4!
Your Shields skill increases to level 5!
w - a wand of flame (26)
o - 2 dark potions (gained 1)
You now have 195 gold pieces (gained 5).
A steam dragon comes into view.
The steam dragon hisses angrily.
The steam dragon breathes steam at you. The ball of steam hits you!
You are engulfed in a cloud of scalding steam.
You are engulfed in a cloud of scalding steam.
You start resting.
A steam dragon is nearby!
You closely miss the steam dragon. The steam dragon breathes steam at you.
The ball of steam hits you. The steam dragon bites you!
* * * LOW HITPOINT WARNING * * *
You block the steam dragon's attack.
You hear a shout!
You block the steam dragon's attack. The steam dragon closely misses you.
You barely miss the steam dragon. The steam dragon barely misses you.
The steam dragon closely misses you.
You closely miss the steam dragon. The steam dragon breathes steam at you.
The ball of steam hits you.
* * * LOW HITPOINT WARNING * * *
You block the steam dragon's attack. The steam dragon barely misses you.
You block the steam dragon's attack.
The steam dragon claws you but does no damage.
You closely miss the steam dragon.
Something unseen opens the door.
The steam dragon breathes steam at you. The ball of steam hits you!
You die...

#..........#
#..........#
#.....§§§..#
#.....§....#
#########......§§..#
#..................#
#.##...#......§#####.
+...+...........'. .
#...#.....@D#####....
#...#.###.........D..
#...#.# #...#####....
#...#.# #...# .
#...#.# #.....
#.##...#.###..#...
#.................
..........###..####
.#.##............


You could see a steam dragon (catching breath).

Vanquished Creatures
  A hound (D:7)
  2 adders
  3 worms
  13 orcs
  4 endoplasms
  3 giant cockroaches
  7 goblins
  9 hobgoblins
  2 jackals (D:1)
  4 kobolds
  2 quokkas (D:2)
  6 ball pythons
  9 bats
  6 frilled lizards
  6 rats
77 creatures vanquished.

Notes
Turn   | Place    | Note
-------+----------+-------------------------------------------
     0 | D:1      | Ivernyr the Formicid Fighter began the quest for the Orb.
     0 | D:1      | Reached XP level 1. HP: 18/18 MP: 1/1
    59 | D:1      | Reached XP level 2. HP: 20/24 MP: 2/2
   148 | D:1      | Found a faded altar of an unknown god.
   225 | D:1      | Reached XP level 3. HP: 18/29 MP: 3/3
  1094 | D:2      | Reached XP level 4. HP: 36/37 MP: 4/4
  1313 | D:2      | Found Xuiwuga's Magic Scroll Boutique.
  1611 | D:3      | Found a sacrificial altar of Ru.
  1611 | D:3      | Found a bloodstained altar of Trog.
  2262 | D:3      | Reached XP level 5. HP: 37/42 MP: 5/5
  2496 | D:4      | Noticed Chiseanne's ghost (amateur DjDe)
  2499 | D:4      | Found a runed translucent door.
  2566 | D:4      | You fall into a shaft and drop 3 floors!
  2692 | D:7      | Reached skill level 5 in Shields
  2740 | D:7      | Noticed a steam dragon
  2754 | D:7      | Killed from afar by a steam dragon

Illustrated notes

Levels and vault maps discovered:
D:1:      zelgadis_glass_arrival_small, layout_rooms,
          ebering_ecumenical_altar_petrified,
          nicolae_concentric_dashed_squares_mild, minmay_tetromino_l2
D:2:      kb_forest_paths, layout_basic, serial_shops, nicolae_shop_trees
D:3:      layout_loops_cross, gammafunk_temple_overflow_wave,
          hangedman_decor_lopped
D:4:      layout_basic, hellmonk_ghost_happy_afterlife
D:7:      layout_basic, palyth_temple_overflow_mages,
          nemelex_diamond_rough_becter

Skill      XL: |  1  2  3  4  5 |
---------------+----------------+-----
Long Blades    | 3 |  3.6
Fighting       | 4 |  4.1
Armour         | 4 |  4.0
Shields        | 5 |  5.0

Action                     |  1- 3 |  4- 6 || total
---------------------------+-------+-------++-------
  Melee: Long sword        |    62 |       ||    62
         Great sword       |    50 |   133 ||   183
Ability: Shaft Self        |       |     1 ||     1
 Armour: Scale mail        |    82 |    73 ||   155
         Ring mail         |       |    11 ||    11
  Dodge: Dodged            |    73 |    66 ||   139
  Block: Buckler           |    47 |     2 ||    49
         Kite shield       |       |    74 ||    74
